[Event "GER-ch Youth U12 2020"]
[Site "Willingen"]
[Date "2020.10.30"]
[Round "6.8"]
[White "Eichhorn, Valentin"]
[Black "Uhlmann, Tim"]
[Result "1/2-1/2"]
[ECO "A34"]
[WhiteElo "1545"]
[BlackElo "1523"]
[Annotator "NA RC"]
[PlyCount "70"]
[EventDate "2020.10.27"]
[EventType "swiss"]
[EventRounds "7"]
[EventCountry "GER"]
[SourceTitle "playchess.com"]
[Source "ChessBase"]
[SourceQuality "1"]
[TimeControl "40/5400+30:1800+30"]

1. c4 c5 2. g3 Nf6 3. Bg2 d5 4. cxd5 Nxd5 5. Nc3 Nc7 6. e3 Nc6 7. Nge2 e5 8. a3 Be7 9. Qc2 O-O 10. O-O f6 11. Rb1 Be6 12. b3 Qd7 13. Bb2 Rfd8 14. Rfd1 Rac8 15. d3 Bf8 16. Ba1 b5 17. Na2 Nd5 18. Nac3 b4 19. Bxd5 Bxd5 20. Nxd5 Qxd5 21. e4 Qd7 22. a4 Nd4 23. Bxd4 cxd4 24. Qb2 a5 25. Rbc1 Rc3 26. Nxc3 bxc3 27. Qa2 Bb4 28. Kg2 Kf8 29. Qc2 Rb8 30. Ra1 Qd6 31. Ra2 Qe6 32. f3 h5 33. h3 Kf7 34. Rda1 Rg8 35. Rd1 g6 1/2-1/2

[Event "GER-ch Youth U12 2020"]
[Site "Willingen"]
[Date "2020.10.30"]
[Round "6.9"]
[White "Zobel, Christian"]
[Black "Kieselbach, Jannik"]
[Result "1-0"]
[ECO "C00"]
[WhiteElo "1521"]
[BlackElo "1453"]
[Annotator "NA RC"]
[PlyCount "81"]
[EventDate "2020.10.27"]
[EventType "swiss"]
[EventRounds "7"]
[EventCountry "GER"]
[SourceTitle "playchess.com"]
[Source "ChessBase"]
[SourceQuality "1"]
[TimeControl "40/5400+30:1800+30"]

1. e4 e6 2. d3 d5 3. Qe2 dxe4 4. dxe4 Nf6 5. Nf3 Nc6 6. e5 Nd5 7. g3 h6 8. Bg2 Bc5 9. O-O O-O 10. Nbd2 f6 11. exf6 Nxf6 12. Nb3 Bb6 13. Be3 Qe8 14. Bxb6 cxb6 15. Rfe1 Qe7 16. Ne5 Nxe5 17. Qxe5 Ng4 18. Qe2 Nf6 19. Rad1 Re8 20. Nd4 Qc7 21. Nb5 Qe7 22. c3 Rd8 23. Rxd8+ Qxd8 24. Bh3 e5 25. Bxc8 Rxc8 26. Qxe5 Qd5 27. Qxd5+ Nxd5 28. Re5 Nf6 29. Re7 Rc5 30. Nd4 Ra5 31. a3 Nd5 32. Rxb7 Nxc3 33. bxc3 Rxa3 34. Nb5 Rb3 35. Nxa7 Rxc3 36. Rxb6 Kh7 37. Kg2 h5 38. Nc6 Rc5 39. Nd4 g6 40. Ne6 Re5 41. Nf8+ 1-0

[Event "GER-ch Youth U12 2020"]
[Site "Willingen"]
[Date "2020.10.30"]
[Round "6.10"]
[White "Berresheim, Nils"]
[Black "Winkler, Yonathan"]
[Result "0-1"]
[ECO "D18"]
[WhiteElo "1534"]
[BlackElo "1680"]
[Annotator "NA RC"]
[PlyCount "92"]
[EventDate "2020.10.27"]
[EventType "swiss"]
[EventRounds "7"]
[EventCountry "GER"]
[SourceTitle "playchess.com"]
[Source "ChessBase"]
[SourceQuality "1"]
[TimeControl "40/5400+30:1800+30"]

1. d4 d5 2. c4 c6 3. Nf3 Nf6 4. Nc3 dxc4 5. a4 Bf5 6. e3 e6 7. Bxc4 Bb4 8. O-O O-O 9. Nh4 Bg6 10. Nxg6 hxg6 11. Re1 Nbd7 12. e4 e5 13. Bg5 exd4 14. Qxd4 Bc5 15. Qd2 Ne5 16. Qe2 Qb6 17. a5 Bxf2+ 18. Kf1 Qc5 19. Na4 Qxc4 20. Qxc4 Nxc4 21. Kxf2 Ne5 22. Kg1 Rfe8 23. Nc5 b6 24. Na6 Rad8 25. Nb4 Rd4 26. Nc2 Rxe4 27. Rxe4 Nxe4 28. Be3 Nc4 29. axb6 axb6 30. Ra6 Nxe3 31. Nxe3 Nc5 32. Ra3 Re4 33. Rc3 Rd4 34. Nc4 Rd1+ 35. Kf2 Ne4+ 36. Ke2 Nxc3+ 37. bxc3 Rc1 38. Kd2 Rg1 39. g3 Rg2+ 40. Kd3 b5 41. Ne5 c5 42. Nd7 c4+ 43. Ke4 Rxh2 44. Kd5 Rc2 45. Kc5 Rxc3 46. Kxb5 Rxg3 0-1

[Event "GER-ch Youth U12 2020"]
[Site "Willingen"]
[Date "2020.10.30"]
[Round "6.11"]
[White "Werner, Florin"]
[Black "Haubold, Christian Lucas"]
[Result "0-1"]
[ECO "C71"]
[WhiteElo "1481"]
[BlackElo "1615"]
[Annotator "NA RC"]
[PlyCount "80"]
[EventDate "2020.10.27"]
[EventType "swiss"]
[EventRounds "7"]
[EventCountry "GER"]
[SourceTitle "playchess.com"]
[Source "ChessBase"]
[SourceQuality "1"]
[TimeControl "40/5400+30:1800+30"]

1. e4 e5 2. Nf3 Nc6 3. Bb5 a6 4. Ba4 d6 5. d4 b5 6. Bb3 Nxd4 7. Nxd4 exd4 8. c3 dxc3 9. Nxc3 Nf6 10. e5 Qe7 11. O-O dxe5 12. Bg5 Bb7 13. Nd5 Qd6 14. Nxf6+ gxf6 15. Qxd6 Bxd6 16. Bxf6 Rg8 17. g3 Kf8 18. Rfe1 Re8 19. Re3 Rg6 20. Bh4 Kg7 21. Rd1 f5 22. Bd5 Bxd5 23. Rxd5 Kf7 24. Rc3 Ke6 25. Rd2 Rb8 26. Rdc2 c5 27. Rd2 c4 28. Rc1 Bb4 29. Re2 Rg7 30. Rd1 Bd6 31. Red2 Rd7 32. Kg2 Rbb7 33. Kf3 Be7 34. Rxd7 Rxd7 35. Rxd7 Kxd7 36. Bxe7 Kxe7 37. Ke3 Ke6 38. h3 h5 39. f3 b4 40. a3 c3 0-1

[Event "GER-ch Youth U12 2020"]
[Site "Willingen"]
[Date "2020.10.30"]
[Round "6.12"]
[White "Kiefhaber, Tobias"]
[Black "Möller, Maurin"]
[Result "1/2-1/2"]
[ECO "D02"]
[WhiteElo "1542"]
[BlackElo "1645"]
[Annotator "NA RC"]
[PlyCount "86"]
[EventDate "2020.10.27"]
[EventType "swiss"]
[EventRounds "7"]
[EventCountry "GER"]
[SourceTitle "playchess.com"]
[Source "ChessBase"]
[SourceQuality "1"]
[TimeControl "40/5400+30:1800+30"]

1. d4 d5 2. Nf3 Nf6 3. Bf4 c5 4. e3 Nc6 5. c3 Qb6 6. Qb3 c4 7. Qxb6 axb6 8. Nbd2 b5 9. Be2 b4 10. O-O Nh5 11. Bg3 Nxg3 12. hxg3 h6 13. e4 e6 14. Rfe1 Be7 15. exd5 exd5 16. Nf1 O-O 17. Ne3 Be6 18. Ne5 Ra5 19. Nxc6 bxc6 20. cxb4 Bxb4 21. Rec1 Rfa8 22. a3 Bd2 23. Rc2 Bxe3 24. fxe3 Bf5 25. Rd2 Rb8 26. Kf2 Ra7 27. g4 Bg6 28. a4 Rba8 29. Bd1 Rb8 30. Ra2 f6 31. Ra3 Rab7 32. b3 cxb3 33. Rb2 Kf8 34. Raxb3 Rxb3 35. Rxb3 Rxb3 36. Bxb3 Ke7 37. Ke2 Kd6 38. Kd2 Be4 39. g3 Kc7 40. Bc2 Bf3 41. Bd1 Be4 42. Bc2 Bf3 43. Bd1 Be4 1/2-1/2

[Event "GER-ch Youth U12 2020"]
[Site "Willingen"]
[Date "2020.10.30"]
[Round "6.13"]
[White "Grabs, Peter"]
[Black "Navarro Jahnke, Leo"]
[Result "1-0"]
[ECO "B29"]
[WhiteElo "1674"]
[BlackElo "1686"]
[Annotator "NA RC"]
[PlyCount "57"]
[EventDate "2020.10.27"]
[EventType "swiss"]
[EventRounds "7"]
[EventCountry "GER"]
[SourceTitle "playchess.com"]
[Source "ChessBase"]
[SourceQuality "1"]
[TimeControl "40/5400+30:1800+30"]

1. e4 c5 2. Nf3 Nf6 3. e5 Nd5 4. Nc3 Nxc3 5. dxc3 d5 6. exd6 Qxd6 7. Qxd6 exd6 8. Bf4 Be6 9. O-O-O d5 10. Bb5+ Nc6 11. Rhe1 Be7 12. Ng5 Bxg5 13. Bxg5 O-O 14. Bxc6 bxc6 15. Be7 Rfb8 16. Bxc5 Rb5 17. Be3 Rab8 18. b4 a5 19. a4 R5b7 20. bxa5 Rb2 21. Bb6 Ra2 22. Rd4 Ra1+ 23. Kd2 Ra2 24. Rb4 h6 25. a6 c5 26. a7 Rc8 27. Bxc5 Bd7 28. Rb8 Rxa4 29. Rxc8+ 1-0

[Event "GER-ch Youth U12 2020"]
[Site "Willingen"]
[Date "2020.10.30"]
[Round "6.14"]
[White "Krüger, Arthur"]
[Black "Weyerer, Noah"]
[Result "0-1"]
[ECO "C02"]
[WhiteElo "1704"]
[BlackElo "1536"]
[Annotator "NA RC"]
[PlyCount "70"]
[EventDate "2020.10.27"]
[EventType "swiss"]
[EventRounds "7"]
[EventCountry "GER"]
[SourceTitle "playchess.com"]
[Source "ChessBase"]
[SourceQuality "1"]
[TimeControl "40/5400+30:1800+30"]

1. e4 e6 2. d4 d5 3. e5 c5 4. c3 Nc6 5. Nf3 Bd7 6. Bd3 f6 7. O-O Qc7 8. Bf4 O-O-O 9. Bg3 Qb6 10. Qc2 h6 11. a4 c4 12. Bg6 f5 13. Nbd2 Nge7 14. Nh4 Be8 15. Bxe8 Rxe8 16. f4 g5 17. Nhf3 Rg8 18. b3 Na5 19. bxc4 dxc4 20. Rab1 Qc7 21. Qb2 Nd5 22. Ne1 Qc6 23. Rc1 Re7 24. Qb5 Qc7 25. Qb2 a6 26. fxg5 hxg5 27. Nc2 f4 28. Be1 Rh7 29. Ne4 g4 30. Nf6 Nxf6 31. exf6 Rgh8 32. Bd2 f3 33. h3 Rxh3 34. gxh3 Qg3+ 35. Kh1 Qg2# 0-1

[Event "GER-ch Youth U12 2020"]
[Site "Willingen"]
[Date "2020.10.30"]
[Round "6.15"]
[White "Schwarz, David"]
[Black "Sommer, Justus"]
[Result "0-1"]
[ECO "C84"]
[WhiteElo "1200"]
[BlackElo "1845"]
[Annotator "NA RC"]
[PlyCount "62"]
[EventDate "2020.10.27"]
[EventType "swiss"]
[EventRounds "7"]
[EventCountry "GER"]
[SourceTitle "playchess.com"]
[Source "ChessBase"]
[SourceQuality "1"]
[TimeControl "40/5400+30:1800+30"]

1. e4 e5 2. Nf3 Nc6 3. Bb5 a6 4. Ba4 Nf6 5. O-O Be7 6. d3 b5 7. Bb3 d6 8. a3 {[%emt 0:00:44] is currently scoring better than 8.a4. Played by Fabiano Caruana in October 2020. C84: Closed Ruy Lopez: Unusual White 6th moves.} Na5 9. Ba2 c5 10. c3 O-O 11. b4 Nc6 {[%emt 0:01:04] [#]} 12. Bg5 $146 ({Predecessor:} 12. Bd5 Nxd5 13. exd5 Nb8 14. c4 cxb4 15. axb4 bxc4 16. dxc4 Qc7 17. Nbd2 Bf5 18. Re1 {½-½ (47) Golubka,P (2389)-Terletsky,O (2313) Lvov 2014}) 12... Bg4 13. Bxf6 Bxf6 ({Reject} 13... gxf6 $6 14. Bd5 $14) 14. Bd5 Rc8 15. h3 Bh5 16. Nbd2 Bg5 17. g4 Bg6 18. Kg2 (18. bxc5 $11 {remains equal.} Bf4 19. cxd6) 18... Bf4 19. Bxc6 (19. Qe2 $142) 19... Rxc6 20. Rc1 (20. c4 $17) 20... d5 21. Kg1 $2 (21. bxc5 {was worth a try.} dxe4 22. dxe4) 21... dxe4 22. dxe4 cxb4 23. axb4 Rd6 24. Rc2 {[%emt 0:02:30] [#]} Bxe4 $1 {[%emt 0:01:20] Pin} 25. Ra2 Bxf3 26. Qxf3 Bxd2 27. Rfa1 {[%emt 0:01:18] [#]} Rd3 $1 {[%emt 0:00:30] Double Attack} 28. Qe2 Bxc3 $19 29. Ra3 Bxa1 30. Rxd3 Bd4 31. Ra3 Qd6 0-1

[Event "GER-ch Youth U12 2020"]
[Site "Willingen"]
[Date "2020.10.30"]
[Round "6.16"]
[White "Toth, Luca"]
[Black "Gärtner, Alessandro"]
[Result "0-1"]
[ECO "B15"]
[WhiteElo "1680"]
[BlackElo "1251"]
[Annotator "NA RC"]
[PlyCount "70"]
[EventDate "2020.10.27"]
[EventType "swiss"]
[EventRounds "7"]
[EventCountry "GER"]
[SourceTitle "playchess.com"]
[Source "ChessBase"]
[SourceQuality "1"]
[TimeControl "40/5400+30:1800+30"]

1. e4 c6 2. d4 d5 3. Nc3 dxe4 4. Nxe4 Nf6 5. Nxf6+ exf6 6. Bc4 Bd6 7. Qe2+ Qe7 8. Qxe7+ Bxe7 9. Ne2 Bf5 10. c3 O-O 11. Bf4 b5 12. Bxb8 Rfxb8 13. Bb3 a5 14. Ng3 Bg6 15. Kd2 b4 16. f4 bxc3+ 17. bxc3 Bd6 18. f5 Bxg3 19. fxg6 Bf4+ 20. Kd3 hxg6 21. g3 Bh6 22. Ba4 Rb6 23. c4 Rd8 24. Rab1 Ra6 25. Rb7 Re8 26. Rc7 Rb6 27. Rxc6 Rb2 28. d5 Rd2+ 29. Kc3 Rxa2 30. Bb5 Be3 31. d6 Ba7 32. Kb3 Rd2 33. Kc3 Ree2 34. Rc8+ Kh7 35. d7 Bd4+ 0-1

[Event "GER-ch Youth U12 2020"]
[Site "Willingen"]
[Date "2020.10.30"]
[Round "6.17"]
[White "Huber, Benedikt"]
[Black "Leubner, Paul Damdin"]
[Result "1-0"]
[ECO "B22"]
[WhiteElo "1725"]
[BlackElo "1409"]
[Annotator "NA RC"]
[PlyCount "59"]
[EventDate "2020.10.27"]
[EventType "swiss"]
[EventRounds "7"]
[EventCountry "GER"]
[SourceTitle "playchess.com"]
[Source "ChessBase"]
[SourceQuality "1"]
[TimeControl "40/5400+30:1800+30"]

1. e4 c5 2. c3 d5 3. exd5 Qxd5 4. d4 Nf6 5. Nf3 Bg4 6. Be2 e6 7. Na3 Nc6 8. Nc2 cxd4 9. cxd4 Be7 10. O-O O-O 11. Ne3 Qd6 12. Nxg4 Nxg4 13. h3 Nf6 14. Bd3 Rfd8 15. Be3 e5 16. dxe5 Nxe5 17. Nxe5 Qxe5 18. Qb3 b6 19. Rfe1 Qc7 20. Bc4 Bd6 21. Rac1 Qb7 22. Bg5 Rd7 23. Bxf6 gxf6 24. Kh1 Bc5 25. Qg3+ Kh8 26. Qh4 Bd4 27. Bd3 f5 28. Bxf5 f6 29. Bxd7 Qxd7 30. Red1 1-0

[Event "GER-ch Youth U12 2020"]
[Site "Willingen"]
[Date "2020.10.30"]
[Round "6.18"]
[White "Aravindan, Midhulan"]
[Black "Bräutigam, Alexander"]
[Result "1/2-1/2"]
[ECO "B23"]
[WhiteElo "1565"]
[BlackElo "1631"]
[Annotator "NA RC"]
[PlyCount "126"]
[EventDate "2020.10.27"]
[EventType "swiss"]
[EventRounds "7"]
[EventCountry "GER"]
[SourceTitle "playchess.com"]
[Source "ChessBase"]
[SourceQuality "1"]
[TimeControl "40/5400+30:1800+30"]

1. e4 c5 2. Nc3 d6 3. f4 Nc6 4. Nf3 Bg4 5. Bb5 a6 6. Bxc6+ bxc6 7. d3 Nf6 8. h3 Bxf3 9. Qxf3 Qc7 10. O-O e6 11. e5 Nd5 12. Ne4 Nb6 13. Be3 c4 14. d4 d5 15. Ng3 g6 16. Qf2 Be7 17. Ne2 a5 18. a4 h5 19. Qe1 Bb4 20. c3 Be7 21. Bf2 h4 22. Kh1 Kd7 23. Qd2 Rab8 24. Rfb1 Rb7 25. Qe1 Qb8 26. Ng1 Kc7 27. Nf3 Qd8 28. Qc1 Nc8 29. Qc2 Na7 30. b3 cxb3 31. Rxb3 Rxb3 32. Qxb3 Qb8 33. Rb1 Qxb3 34. Rxb3 Nc8 35. Rb1 Nb6 36. Be1 Nc4 37. Kg1 Rb8 38. Rxb8 Kxb8 39. Kf2 Nb2 40. Ke2 Nxa4 41. Kd2 Kb7 42. Bxh4 Bxh4 43. Nxh4 Kb6 44. Nf3 Kb5 45. g4 Kc4 46. Kc2 Nxc3 47. h4 Ne2 48. h5 Nxf4 49. h6 g5 50. Nxg5 Ng6 51. Nxf7 Kxd4 52. Nd8 Kxe5 53. Nxc6+ Kf4 54. h7 Nh8 55. Nxa5 Kxg4 56. Kd3 e5 57. Nc6 Kf5 58. Nb4 Ke6 59. Ke3 Nf7 60. Nc6 Kd6 61. Nb4 d4+ 62. Kd3 Kc5 63. Nc2 Kd5 1/2-1/2

[Event "GER-ch Youth U12 2020"]
[Site "Willingen"]
[Date "2020.10.30"]
[Round "6.19"]
[White "Göpfert, Gregor"]
[Black "Torosyan, Bagrat"]
[Result "0-1"]
[ECO "C54"]
[WhiteElo "1603"]
[BlackElo "1634"]
[Annotator "NA RC"]
[PlyCount "46"]
[EventDate "2020.10.27"]
[EventType "swiss"]
[EventRounds "7"]
[EventCountry "GER"]
[SourceTitle "playchess.com"]
[Source "ChessBase"]
[SourceQuality "1"]
[TimeControl "40/5400+30:1800+30"]

1. e4 e5 2. Nf3 Nc6 3. Bc4 Bc5 4. c3 Nf6 5. d3 d6 6. b4 Bb6 7. a4 a5 8. b5 Ne7 9. Qb3 O-O 10. h3 Ng6 11. O-O h6 12. Re1 Nh5 13. d4 Qf6 14. dxe5 dxe5 15. Qd1 Rd8 16. Nbd2 Ngf4 17. Bf1 Qg6 18. Nh4 Bxf2+ 19. Kh1 Bxh4 20. Kg1 Bf2+ 21. Kxf2 Qg3+ 22. Kg1 Nxh3+ 23. Kh1 Nf2+ 0-1

[Event "GER-ch Youth U12 2020"]
[Site "Willingen"]
[Date "2020.10.30"]
[Round "6.20"]
[White "Dorendorf, Mika"]
[Black "Deschler, Arne"]
[Result "1-0"]
[ECO "D10"]
[WhiteElo "1462"]
[BlackElo "1671"]
[Annotator "NA RC"]
[PlyCount "99"]
[EventDate "2020.10.27"]
[EventType "swiss"]
[EventRounds "7"]
[EventCountry "GER"]
[SourceTitle "playchess.com"]
[Source "ChessBase"]
[SourceQuality "1"]
[TimeControl "40/5400+30:1800+30"]

1. d4 d5 2. c4 c6 3. cxd5 cxd5 4. Nc3 Nf6 5. Bf4 a6 6. e3 Bf5 7. Qb3 b5 8. h3 e6 9. Rc1 Bd6 10. Bxd6 Qxd6 11. Bxb5+ Nbd7 12. Bxd7+ Nxd7 13. Qd1 O-O 14. Nf3 Qb4 15. b3 Rfc8 16. Qd2 Rc7 17. O-O Rac8 18. Ne2 Qxd2 19. Nxd2 Rc2 20. a4 Bd3 21. Rfe1 Nb6 22. Rcd1 Ra2 23. Nc1 Rxc1 24. Rxc1 Rxd2 25. Red1 Rxd1+ 26. Rxd1 Bc2 27. Rc1 Bd3 28. Rc3 Be2 29. f3 a5 30. Kf2 Bc4 31. bxc4 dxc4 32. e4 Kf8 33. Ke3 Ke7 34. Rc1 Kf6 35. Rb1 Nxa4 36. Ra1 Nb2 37. Rxa5 c3 38. Rc5 g5 39. Ke2 Na4 40. Rc4 Nb6 41. Rxc3 Nd7 42. Ke3 Nf8 43. Rc7 Ng6 44. g3 e5 45. Rc6+ Ke7 46. dxe5 Nxe5 47. Rh6 Kf8 48. Rxh7 Ng6 49. Rh5 f6 50. f4 1-0

[Event "GER-ch Youth U12 2020"]
[Site "Willingen"]
[Date "2020.10.30"]
[Round "6.21"]
[White "Schreidl, Michael"]
[Black "Guo, Jacob Tingshen"]
[Result "1/2-1/2"]
[ECO "B33"]
[WhiteElo "1640"]
[BlackElo "1551"]
[Annotator "NA RC"]
[PlyCount "90"]
[EventDate "2020.10.27"]
[EventType "swiss"]
[EventRounds "7"]
[EventCountry "GER"]
[SourceTitle "playchess.com"]
[Source "ChessBase"]
[SourceQuality "1"]
[TimeControl "40/5400+30:1800+30"]

1. e4 c5 2. Nf3 Nc6 3. d4 cxd4 4. Nxd4 Nf6 5. Nc3 e5 6. Ndb5 d6 7. Bg5 a6 8. Na3 b5 9. Nd5 Be7 10. Bxf6 Bxf6 11. c3 Bg5 12. Nc2 Rb8 13. Be2 O-O 14. Nce3 Bxe3 15. Nxe3 Kh8 16. Bg4 Be6 17. h3 g6 18. Bf3 Qd7 19. g4 Ne7 20. Nd5 f5 21. Nxe7 Qxe7 22. gxf5 gxf5 23. Qd2 fxe4 24. Bxe4 Bf5 25. Bxf5 Rxf5 26. O-O-O Rd8 27. Rhe1 Qf6 28. Re2 d5 29. a3 d4 30. Qc2 Rc8 31. Rd3 Qg5+ 32. Kb1 Qg1+ 33. Rd1 Qg6 34. Qd3 dxc3 35. bxc3 Qf6 36. Rdd2 Rf3 37. Qd7 Qf5+ 38. Qxf5 Rxf5 39. Kc2 Kg7 40. Re3 Rcf8 41. Ree2 R8f7 42. Kb3 Kg6 43. Kc2 Kg5 44. Kb3 Kg6 45. Rxe5 Rf3 1/2-1/2

[Event "GER-ch Youth U12 2020"]
[Site "Willingen"]
[Date "2020.10.30"]
[Round "6.22"]
[White "Cromm, Mika"]
[Black "Brandstrup, Luca Alexander"]
[Result "1/2-1/2"]
[ECO "E27"]
[WhiteElo "1665"]
[BlackElo "1575"]
[Annotator "NA RC"]
[PlyCount "69"]
[EventDate "2020.10.27"]
[EventType "swiss"]
[EventRounds "7"]
[EventCountry "GER"]
[SourceTitle "playchess.com"]
[Source "ChessBase"]
[SourceQuality "1"]
[TimeControl "40/5400+30:1800+30"]

1. d4 Nf6 2. c4 e6 3. Nc3 Bb4 4. a3 Bxc3+ 5. bxc3 O-O 6. Nf3 d6 7. Bg5 h6 8. Bh4 Nbd7 9. e4 e5 10. Bd3 b6 11. O-O Bb7 12. Re1 Re8 13. Qc2 Nf8 14. Rad1 Qe7 15. Nd2 c5 16. d5 Ng6 17. Bg3 Nh5 18. Nf1 Nhf4 19. Ne3 Bc8 20. Bxf4 Nxf4 21. Bf1 Bd7 22. Nf5 Bxf5 23. exf5 Kh8 24. g3 Nh5 25. Qe2 Nf6 26. h4 g6 27. Bh3 g5 28. hxg5 hxg5 29. f3 Kg7 30. Qe3 Nh7 31. Kg2 f6 32. Rh1 Rh8 33. Bg4 Rag8 34. Rh2 Nf8 35. Rdh1 1/2-1/2

[Event "GER-ch Youth U12 2020"]
[Site "Willingen"]
[Date "2020.10.30"]
[Round "6.24"]
[White "Isbilir, Levin"]
[Black "Schneble, Milan"]
[Result "1-0"]
[ECO "B06"]
[WhiteElo "1233"]
[BlackElo "1418"]
[Annotator "NA RC"]
[PlyCount "47"]
[EventDate "2020.10.27"]
[EventType "swiss"]
[EventRounds "7"]
[EventCountry "GER"]
[SourceTitle "playchess.com"]
[Source "ChessBase"]
[SourceQuality "1"]
[TimeControl "40/5400+30:1800+30"]

1. e4 d6 2. d4 g6 3. Nc3 Bg7 4. Be3 Nf6 5. Qd2 Nc6 6. O-O-O Bd7 7. h4 e6 8. f3 Ne7 9. Be2 c6 10. g4 b5 11. Bh6 Bxh6 12. Qxh6 Nc8 13. h5 Ng8 14. Qg7 Qf6 15. Qxf6 Nxf6 16. hxg6 fxg6 17. Bd3 O-O 18. Nh3 Ne7 19. e5 dxe5 20. dxe5 Nfd5 21. Nxd5 Nxd5 22. Ng5 Be8 23. Rxh7 Rxf3 24. Rdh1 1-0

[Event "GER-ch Youth U12 2020"]
[Site "Willingen"]
[Date "2020.10.30"]
[Round "6.25"]
[White "Müller, Mitja"]
[Black "Mader, Fabian"]
[Result "1-0"]
[ECO "D96"]
[WhiteElo "1360"]
[BlackElo "1588"]
[Annotator "NA RC"]
[PlyCount "113"]
[EventDate "2020.10.27"]
[EventType "swiss"]
[EventRounds "7"]
[EventCountry "GER"]
[SourceTitle "playchess.com"]
[Source "ChessBase"]
[SourceQuality "1"]
[TimeControl "40/5400+30:1800+30"]

1. d4 Nf6 2. c4 g6 3. Nc3 d5 4. Nf3 Bg7 5. Qb3 c5 6. dxc5 d4 7. Nb5 Nbd7 8. Nbxd4 Qa5+ 9. Bd2 Qxc5 10. e3 O-O 11. Bb4 Qc7 12. Bxe7 Re8 13. Nb5 Qb6 14. Bxf6 Nxf6 15. Be2 Ne4 16. O-O Bg4 17. Rfd1 a6 18. Nc3 Qxb3 19. axb3 Bxc3 20. bxc3 Nxc3 21. Rd2 Rad8 22. Rc2 Nxe2+ 23. Rxe2 Rd3 24. Rb2 Red8 25. Nd4 Bd1 26. Kf1 Bg4 27. h3 Bf5 28. Ke2 h5 29. g4 hxg4 30. hxg4 R3xd4 31. exd4 Bxg4+ 32. Kd3 Bf5+ 33. Kc3 Kg7 34. d5 Kf6 35. Re1 Rd6 36. f4 g5 37. fxg5+ Kxg5 38. Kd4 b6 39. c5 bxc5+ 40. Kxc5 Rd7 41. Kc6 f6 42. d6 a5 43. Re7 Rd8 44. d7 Rxd7 45. Rxd7 Bxd7+ 46. Kxd7 f5 47. Rf2 f4 48. Kd6 Kg4 49. Ke5 f3 50. Ke4 Kg3 51. Rxf3+ Kg2 52. Ke3 Kg1 53. Rf2 Kh1 54. Kf3 Kg1 55. Kg3 a4 56. bxa4 Kh1 57. Rf1# 1-0

[Event "GER-ch Youth U12 2020"]
[Site "Willingen"]
[Date "2020.10.30"]
[Round "6.26"]
[White "Ehrlich, Patrick"]
[Black "Schröder, Jan-Hendrik"]
[Result "0-1"]
[ECO "A43"]
[WhiteElo "1448"]
[BlackElo "1324"]
[Annotator "NA RC"]
[PlyCount "62"]
[EventDate "2020.10.27"]
[EventType "swiss"]
[EventRounds "7"]
[EventCountry "GER"]
[SourceTitle "playchess.com"]
[Source "ChessBase"]
[SourceQuality "1"]
[TimeControl "40/5400+30:1800+30"]

1. d4 c5 2. dxc5 Na6 3. e4 Nxc5 4. Nc3 g6 5. Be3 d6 6. Bxc5 dxc5 7. Qxd8+ Kxd8 8. O-O-O+ Kc7 9. a4 Be6 10. Nf3 Bg7 11. Ng5 Bxc3 12. Nxe6+ fxe6 13. bxc3 Nf6 14. f3 e5 15. Bc4 Rhd8 16. Rxd8 Rxd8 17. Rd1 Rxd1+ 18. Kxd1 Kb6 19. Kc1 Ka5 20. Bb3 c4 21. Bxc4 Kxa4 22. Kb2 g5 23. g4 h5 24. h3 h4 25. Bb3+ Kb5 26. Ka3 Kc5 27. Ka4 Nd7 28. Ka5 Nf8 29. Bd5 b6+ 30. Ka6 Ng6 31. Kxa7 Nf4 0-1

[Event "GER-ch Youth U12 2020"]
[Site "Willingen"]
[Date "2020.10.30"]
[Round "6.27"]
[White "Ivanov, Alexander"]
[Black "Stadelmann, Constantin"]
[Result "0-1"]
[ECO "D31"]
[WhiteElo "1261"]
[BlackElo "1366"]
[Annotator "NA RC"]
[PlyCount "76"]
[EventDate "2020.10.27"]
[EventType "swiss"]
[EventRounds "7"]
[EventCountry "GER"]
[SourceTitle "playchess.com"]
[Source "ChessBase"]
[SourceQuality "1"]
[TimeControl "40/5400+30:1800+30"]

1. d4 d5 2. c4 e6 3. Nc3 f5 4. Nf3 Nf6 5. g3 c6 6. Bg2 Bd6 7. O-O Ne4 8. Bf4 O-O 9. Nxe4 fxe4 10. Bxd6 exf3 11. Bxf8 fxg2 12. Kxg2 Qxf8 13. f4 dxc4 14. Qc2 b5 15. a4 Bb7 16. Kg1 Nd7 17. Qe4 Qe7 18. axb5 Nf6 19. Qe5 Nd7 20. Qe4 Nf6 21. Qe5 Ng4 22. Qg5 Qxg5 23. fxg5 cxb5 24. Ra3 a6 25. Rc3 e5 26. e3 b4 27. Rxc4 Nxe3 28. Rxb4 Nxf1 29. Kxf1 Rf8+ 30. Ke1 Bd5 31. dxe5 Re8 32. h4 Rxe5+ 33. Kf2 Rf5+ 34. Rf4 Rxf4+ 35. gxf4 Kf7 36. h5 Ke6 37. b4 Kf5 38. Kg3 Be4 0-1

[Event "GER-ch Youth U12 2020"]
[Site "Willingen"]
[Date "2020.10.30"]
[Round "6.28"]
[White "Bondarcuks, Timurs"]
[Black "Detjen, Mattes"]
[Result "0-1"]
[ECO "C50"]
[WhiteElo "1198"]
[BlackElo "1190"]
[Annotator "NA RC"]
[PlyCount "46"]
[EventDate "2020.10.27"]
[EventType "swiss"]
[EventRounds "7"]
[EventCountry "GER"]
[SourceTitle "playchess.com"]
[Source "ChessBase"]
[SourceQuality "1"]
[TimeControl "40/5400+30:1800+30"]

1. e4 e5 2. Nf3 Nc6 3. Bc4 Bc5 4. Nc3 Nf6 5. O-O O-O 6. d3 Na5 7. Bb3 Nxb3 8. axb3 d5 9. Bg5 d4 10. Nd5 Be7 11. Bxf6 Bxf6 12. c3 c5 13. c4 Bd7 14. Ne1 b5 15. Qh5 a6 16. f4 exf4 17. Rxf4 Bg5 18. Rf1 h6 19. Nf3 Be6 20. cxb5 Bxd5 21. exd5 Qxd5 22. bxa6 Be3+ 23. Kh1 Qxh5 0-1

[Event "GER-ch Youth U12 2020"]
[Site "Willingen"]
[Date "2020.10.31"]
[Round "7.2"]
[White "Kempe, Caius Emilian"]
[Black "Nitsche, Nikolai"]
[Result "0-1"]
[ECO "D31"]
[WhiteElo "1840"]
[BlackElo "1721"]
[Annotator "NA RC"]
[PlyCount "74"]
[EventDate "2020.10.27"]
[EventType "swiss"]
[EventRounds "7"]
[EventCountry "GER"]
[SourceTitle "playchess.com"]
[Source "ChessBase"]
[SourceQuality "1"]
[TimeControl "40/5400+30:1800+30"]

1. d4 d5 2. c4 e6 3. Nc3 c6 4. cxd5 exd5 5. Nf3 Nf6 6. Bg5 Bd6 7. Qc2 O-O 8. e3 Bg4 {[%emt 0:01:58] D35: Queen's Gambit Declined: Exchange Variation.} 9. Ne5 Be6 10. Bd3 h6 11. Bh4 Be7 12. O-O {[%emt 0:07:39] [#]} Nfd7 $146 ({Predecessor:} 12... Ng4 13. Bxe7 Qxe7 14. Nxg4 Bxg4 15. Rab1 Nd7 16. b4 Nf6 17. Qb3 Be6 18. Rfc1 Rfc8 {1-0 (38) Bayarmaa,B (2222)-Moazaz,D (2076) Baghdad 2018}) 13. Bxe7 Qxe7 14. f4 Nxe5 15. dxe5 f5 16. Na4 Nd7 17. b4 a5 (17... d4 $5) 18. a3 axb4 19. axb4 b5 20. Nb2 Rxa1 21. Rxa1 Qxb4 22. Qxc6 Nc5 23. Rc1 Rc8 24. Qb6 {[%emt 0:02:58] [#]} Qd2 $2 (24... Kf7 $1 $19 {is more deadly.} 25. Qa7+ Kg8) 25. Rb1 Qxe3+ 26. Kh1 d4 27. Qxb5 (27. Rf1 $142 Qd2 28. Qxb5) 27... Ne4 28. Nd1 Qe1+ 29. Bf1 Bc4 30. Ne3 Qxf1+ 31. Nxf1 Bxb5 32. Rxb5 Rc1 33. Kg1 d3 34. Rb8+ Kh7 $19 (34... Kf7 $142 35. Rb7+ Ke8 36. Rb8+ Ke7 37. Rb7+ Ke8 38. Rb8+ Ke7 39. Rb7+ Ke6 40. Rb6+ Kf7 41. Rb7+ Ke6 42. Rb6+ Ke7 43. Rb7+) 35. e6 d2 36. e7 Rxf1+ 37. Kxf1 d1=Q# 0-1